 Dungeon Crawl Stone Soup version 0.30-a0-618-gd6c86c23d0 (webtiles) character file.

Game seed: 14917538994456007470

445 Leeroy the Sneak (level 7, -1/50 HPs)
             Began as a Merfolk Gladiator on Jan 9, 2023.
             Slain by a gnoll
             ... wielding a +0 spear
             ... led by a gnoll bouda
              (2 damage)
             ... on level 5 of the Dungeon.
             The game lasted 00:04:17 (3224 turns).

Leeroy the Sneak (Merfolk Gladiator)                Turns: 3224, Time: 00:04:18

Health: -1/50      AC: 10    Str: 15    XL:     7   Next: 3%
Magic:  7/7        EV: 14    Int:  7    God:
Gold:   172        SH:  0    Dex: 17    Spells: 6/6 levels left

rFire   . . .      SeeInvis .    j - +0 short sword (venom)
rCold   . . .      Faith    .    (no shield)
rNeg    . . .      Spirit   .    b - +0 leather armour
rPois   .          Reflect  .    u - +0 helmet
rElec   .          Harm     .    (no cloak)
rCorr   .          Rampage  .    (no gloves)
Will    +....                    m - +1 pair of boots
Stlth   ++++                     x - amulet of regeneration
HPRegen 1.08/turn                A - ring "Coosalarph" {Will+ AC+4}
MPRegen 0.10/turn                (no ring)

@: weakened
A: (nimble swimmer 2), mertail
a: no special abilities


You were on level 5 of the Dungeon.
You visited 1 branch of the dungeon, and saw 5 of its levels.

You collected 172 gold pieces.

Inventory:

Hand Weapons
 a - a +0 long sword
 j - a +0 short sword of venom (weapon)
 q - a +1 whip of pain
Missiles
 d - 3 throwing nets (quivered)
 e - a javelin
Armour
 b - a +0 leather armour (worn)
 c - a +0 helmet
 m - a +1 pair of boots (worn)
 u - a +0 helmet (worn)
Jewellery
 w - an amulet of magic regeneration
 x - an amulet of regeneration (around neck)
 A - the ring "Coosalarph" (left hand) {Will+ AC+4}
   (You found it on level 4 of the Dungeon)

   [ring of protection]

   AC:        It affects your AC (+4).
   Will:      It increases your willpower.
Scrolls
 f - 2 scrolls of enchant weapon {unknown}
 g - 4 scrolls of teleportation
 i - 2 scrolls of noise {unknown}
 k - a scroll of magic mapping {unknown}
 p - a scroll of silence {unknown}
 r - a scroll of fog {unknown}
 s - 3 scrolls of identify {unknown}
 v - a scroll of amnesia {unknown}
 y - a scroll of fear {unknown}
Potions
 h - 2 potions of brilliance {unknown}
 l - 2 potions of curing {unknown}
 n - 2 potions of attraction {unknown}
 o - a potion of degeneration {unknown}
 t - a potion of haste {unknown}
 z - 4 potions of flight {unknown}
 B - a potion of cancellation {unknown}


   Skills:
 - Level 2.1 Fighting
 - Level 3.6 Long Blades
 - Level 2.0 Throwing
 - Level 4.8 Dodging
 + Level 7.9 Stealth


You had 6 spell levels left.
You didn't know any spells.
Your spell library contained the following spells:

 Spells                   Type           Power      Damage    Failure   Level
 Blink                    Tloc           0%         N/A       65%         2
 Sublimation of Blood     Necr           0%         N/A       65%         2
 Manifold Assault         Tloc           0%         N/A       99%         4
 Petrify                  Tmut/Erth      0%         N/A       99%         4
 Irradiate                Conj/Tmut      0%         3d11      100%        5
 Storm Form               Tmut/Air       0%         N/A       100%        7


Dungeon Overview and Level Annotations

Branches:
Dungeon (5/15)
 Temple: D:4-7

Altars:
Ru

Shops:
D:3 (


Innate Abilities, Weirdness & Mutations

((You are very nimble when in or above water. (Stealth+, EV+, Speed+++)))
Your lower body shifts to a powerful aquatic tail in water.


Message History

The gnoll shouts!
The gnoll barely misses you. The gnoll closely misses you.
You barely miss the gnoll.
The gnoll is moderately wounded.
The gnoll hits you with a +0 spear.
An ogre comes into view. It is wielding a +0 giant club.
The gnoll hits you but does no damage. x2
The ogre shouts!
You hit the gnoll.
The gnoll looks even sicker.
The gnoll is heavily wounded.
The gnoll closely misses you. The gnoll hits you with a +0 club.
The gnoll barely misses you. The gnoll closely misses you.
You hit the gnoll.
The gnoll looks as sick as possible!
The gnoll is almost dead.
You kill the gnoll!
The gnoll hits you but does no damage. The gnoll misses you.
The gnoll closely misses you. The gnoll attacks as you move away!
The gnoll hits you with a +0 club. The gnoll barely misses you.
The gnoll hits you with a +0 club.
The gnoll hits you but does no damage. x2
The gnoll closely misses you. The gnoll hits you with a +0 club.
The gnoll misses you.
The gnoll bouda hits you with a +0 whip.
The gnoll barely misses you.
You barely miss the gnoll bouda.
The gnoll hits you but does no damage. x3
The gnoll bouda barely misses you.
You hit the gnoll bouda but do no damage.
The gnoll bouda is poisoned.
The gnoll hits you but does no damage. x3
The gnoll hits you with a +0 spear.
You hit the gnoll bouda but do no damage.
The gnoll bouda looks as sick as possible!
The ogre hits you with a +0 giant club!!
Ouch! That really hurt!
* * * LOW HITPOINT WARNING * * *
The gnoll bouda gazes fiercely through you!
You feel your attacks grow feeble. The gnoll bouda completely misses you.
The gnoll hits you with a +0 spear!
* * * LOW HITPOINT WARNING * * *
The gnoll barely misses you. x2; The gnoll hits you with a +0 spear.
You die...

#...............
#...............
#...............
#...............
#....?..........
#.........<...$.
#......gO.......
#.....g@g).....#
#.....g.g.....##
#............##
#............#
#............#
#######+##.............#
.............!.....#...#
..................##....
#.. ..............# ...


You could see an ogre, a gnoll bouda (extremely poisoned) and 4 gnolls.

Vanquished Creatures
  A bullfrog (D:4)
  A necrophage (D:4)
  Terence (D:3)
  5 orc wizards
  8 adders
  A gnoll (D:5)
  2 ufetubi
  3 dart slugs
  8 orcs
  3 bats (D:1)
  9 endoplasms
  5 giant cockroaches
  7 goblins
  6 hobgoblins
  6 kobolds
  A quokka (D:1)
  3 ball pythons
  2 frilled lizards
  5 rats
77 creatures vanquished.

Notes
Turn   | Place    | Note
-------+----------+-------------------------------------------
     0 | D:1      | Leeroy the Merfolk Gladiator began the quest for the Orb.
     0 | D:1      | Reached XP level 1. HP: 16/16 MP: 1/1
   126 | D:1      | Reached XP level 2. HP: 22/22 MP: 2/2
   308 | D:1      | Reached skill level 1 in Stealth
   575 | D:1      | Reached XP level 3. HP: 27/27 MP: 3/3
   765 | D:2      | Reached skill level 2 in Stealth
  1189 | D:2      | Reached skill level 3 in Stealth
  1539 | D:3      | Reached XP level 4. HP: 33/33 MP: 4/4
  1782 | D:3      | Reached skill level 4 in Stealth
  1875 | D:3      | Reached XP level 5. HP: 7/38 MP: 5/5
  2094 | D:3      | Noticed Terence
  2108 | D:3      | Killed Terence
  2109 | D:3      | Reached skill level 5 in Stealth
  2162 | D:3      | Found Viqozor's Weapon Shop.
  2473 | D:4      | Found a sacrificial altar of Ru.
  2546 | D:4      | Reached skill level 6 in Stealth
  2546 | D:4      | Reached XP level 6. HP: 44/44 MP: 6/6
  2747 | D:4      | Reached skill level 7 in Stealth
  2792 | D:4      | Identified the ring "Coosalarph" {Will+ AC+4}
  3188 | D:5      | Entered Level 5 of the Dungeon
  3207 | D:5      | Reached XP level 7. HP: 50/50 MP: 7/7
  3224 | D:5      | HP: 1/50 [gnoll/+0 spear[a gnoll bouda] (7)]
  3224 | D:5      | Slain by a gnoll

Illustrated notes

Levels and vault maps discovered:
D:1:      denvon_arrival_waterhouse, layout_basic
D:2:      layout_loops_ring, minmay_tree_intersection, minmay_misc_feat_rugged
D:3:      layout_basic, serial_shops, nicolae_shop_bloodbath_and_beyond,
          hangedman_decor_points, uniq_terence
D:4:      layout_basic, hangedman_ru_absence, minmay_splitting_lines
D:5:      layout_layer_cave, nicolae_overflow_crystal_walls,
          cheibrodos_worm_habitat, mainiacjoe_overflow_alcove_1,
          nicolae_zen_rock_garden, corexii_corridor_pit, minmay_pentangle

Skill      XL: |  1  2  3  4  5  6 |
---------------+-------------------+-----
Stealth        | 1 3 4 6 7 |  7.9
Fighting       | |  2.1
Long Blades    | |  3.6
Throwing       | |  2.0
Dodging        | |  4.8

Action                   |  1- 3 |  4- 6 |  7- 9 || total
-------------------------+-------+-------+-------++-------
Melee: Long sword        |    18 |       |       ||    18
       Short sword       |    64 |   183 |    10 ||   257
       Tailslap          |       |     1 |       ||     1
       Punch             |       |     2 |       ||     2
  Use: Scroll            |       |     1 |       ||     1
 Stab: Sleeping          |     7 |     8 |       ||    15
       Distracted        |       |     1 |       ||     1
Armor: Leather armour    |    24 |    76 |    14 ||   114
Dodge: Dodged            |    51 |   167 |    17 ||   235

Table legend: (Time is in decaauts)
 A = Elapsed time spent in this place.
 B = Non-inter-level travel time spent in this place.
 C = Inter-level travel time spent in this place.
 D = Time resting spent in this place.
 E = Time spent auto-exploring this place.
 F = Levels seen in this place.
 G = Mean time per level.
                   A        B        C        D        E       F      G
               +--------+--------+--------+--------+--------+-----+--------+
         Total |   3194 |   3086 |    108 |    114 |   2310 |   5 |  638.8 |
       Dungeon |   3194 |   3086 |    108 |    114 |   2310 |   5 |  638.8 |
               +--------+--------+--------+--------+--------+-----+--------+

Top non-repeatable levels by time:
     D:3: 1046 daAuts
     D:2: 756 daAuts
     D:1: 753 daAuts
     D:4: 603 daAuts
     D:5: 34 daAuts
